Map: Deathaura LE

Players

BBOY - Winner!

  • Race: Terran Terran
  • League: Master
  • Spawn Location: 5:00

Jonathas

  • Race: Zerg Zerg
  • League: Diamond
  • Spawn Location: 11:00

VOD

Have the link to the VOD?

Description

Time

  • Played on: July 11, 2020, 4:04 a.m.
  • Length: 5:04
Show
View Real Time Build Order
Export as new Build Order

BBOY Terran - Winner!

Build Orders: Reaper Expand 

Get SALT Encoding   

  12  0:00  SCV  
  13  0:12  SCV  
  14  0:17  Supply Depot  
  14  0:24  SCV  
  15  0:38  SCV  
  15  0:40  Barracks  
  16  0:44  Refinery  
  16  0:50  SCV  
  17  1:02  SCV  
  18  1:14  SCV  
  19  1:27  Orbital Command, Reaper  
  20  1:44  Command Center  
  20  1:53  SCV  
  21  1:57  Supply Depot  
  21  2:00  Barracks Reactor  
  21  2:07  SCV  
  22  2:19  SCV  
  22  2:22  Factory  
  22  2:31  SCV  
  24  2:40  Command Center  
  24  2:42  Marine  
  24  2:43  Marine  
  25  2:55  Orbital Command  
  25  2:57  SCV  
  26  3:12  SCV  
  27  3:13  Starport  
  27  3:14  Hellion  
  27  3:17  Hellion  
  31  3:27  SCV x2  
  31  3:30  Barracks Tech Lab  
  33  3:34  Refinery  
  33  3:36  Bunker  
  33  3:39  SCV  
  33  3:53  Orbital Command  
  33  3:55  Siege Tank  
  36  3:56  Marine  
  36  3:57  Marine  
  38  4:03  SCV x2  
  40  4:10  Supply Depot  
  40  4:14  Marine  
  40  4:15  SCV x2  
  42  4:25  Viking  
  42  4:26  SCV  
  42  4:27  SCV x2  
  47  4:31  Marine  
  47  4:32  Marine, Supply Depot  
  47  4:38  SCV  
  50  4:44  SCV  
  50  4:45  SCV  
  50  4:50  SCV  
Show
View Real Time Build Order
Export as new Build Order

Jonathas Zerg 

Build Orders: Pool First 

Get SALT Encoding   

  12  0:01  Drone  
  13  0:12  Overlord  
  13  0:17  Drone  
  14  0:31  Drone x2  
  16  0:42  Spawning Pool  
  15  0:45  Drone  
  16  0:51  Drone  
  17  1:10  Hatchery  
  16  1:13  Drone  
  16  1:16  Drone  
  18  1:20  Extractor, Drone  
  18  1:29  Drone  
  19  1:39  Queen  
  21  1:49  Zergling x2  
  22  1:56  Overlord  
  22  2:01  Roach Warren  
  22  2:02  Zergling x2  
  22  2:12  Extractor  
  22  2:14  Drone  
  22  2:25  Drone  
  22  2:26  Drone  
  24  2:33  Drone, Queen  
  27  2:38  Metabolic Boost  
  27  2:43  Drone  
  28  2:54  Roach  
  28  2:55  Roach x2  
  28  2:56  Roach  
  36  3:03  Overlord  
  36  3:10  Overlord  
  36  3:29  Roach x3  
  36  3:30  Roach  
  36  3:32  Zergling x2  
  45  3:34  Zergling x2  
  46  3:42  Roach  
  46  3:47  Roach  
  50  3:50  Overlord  
  50  3:54  Ravager  
  51  3:58  Ravager  
  51  4:02  Overlord  
  52  4:10  Roach x2  
  52  4:16  Ravager  
  57  4:21  Roach  
  55  4:28  Roach, Zergling x4  
  57  4:31  Zergling x2  
  57  4:33  Ravager  
  59  4:40  Drone  
  59  4:41  Drone x2  
Tags
 
Add a new tag
Caveats
  • Supply blocks, unpowered buildings, or Contaminate may cause inaccurate times.
  • Supply counts are checked every 10 seconds.